 Dungeon Crawl Stone Soup version 0.30-a0-242-g7bf8e6d787 (webtiles) character file.

Game seed: 636537232694356556

294 purpskrrrp the Shooter (level 6, -6/48 HPs)
             Began as a Formicid Hunter on Oct 11, 2022.
             Mangled by a black bear (9 damage)
             ... on level 4 of the Dungeon.
             The game lasted 00:04:41 (2539 turns).

purpskrrrp the Shooter (Formicid Hunter)            Turns: 2539, Time: 00:04:46

Health: -6/48      AC:  4    Str: 16    XL:     6   Next: 60%
Magic:  6/6        EV: 13    Int:  8    God:
Gold:   246        SH:  0    Dex: 19    Spells: 5/5 levels left

rFire   . . .      SeeInvis +    a - +0 shortbow
rCold   . . .      Faith    .    (no shield)
rNeg    . . .      Spirit   .    c - +0 leather armour
rPois   .          Reflect  .    (helmet unavailable)
rElec   .          Harm     .    (no cloak)
rCorr   .          Rampage  .    p - +0 pair of gloves
Will    .....                    (no boots)
Stlth   ++........               (no amulet)
HPRegen 0.28/turn                (no ring)
MPRegen 0.10/turn                (no ring)

@: no status effects
A: permanent stasis, dig shafts and tunnels, antennae 3, four strong arms
a: Dig, Shaft Self


You were on level 4 of the Dungeon.
You visited 1 branch of the dungeon, and saw 4 of its levels.

You collected 246 gold pieces.

Inventory:

Hand Weapons
 a - a +0 shortbow (weapon)
 m - the +6 mace of Fekairr {elec, *Slow rN+ Int-2 Dex+7}
   (You found it on level 3 of the Dungeon)

   It occasionally discharges a powerful burst of electricity upon striking a
   foe.
   Int:       It affects your intelligence (-2).
   Dex:       It affects your dexterity (+7).
   rN:        It protects you from negative energy.
   *Slow:     It may slow you when you take damage.
Armour
 c - a +0 leather armour (worn)
 p - a +0 pair of gloves (worn)
Magical Staves
 o - a staff of fire
Scrolls
 b - a scroll of immolation
 d - a scroll of enchant weapon {unknown}
 f - a scroll of magic mapping {unknown}
 h - 3 scrolls of identify {unknown}
 i - 2 scrolls of vulnerability {unknown}
 l - a scroll of enchant armour {unknown}
 n - a scroll of blinking {unknown}
Potions
 e - 3 potions of curing {unknown}
 g - 2 potions of lignification {unknown}
 j - a potion of brilliance {unknown}
 k - a potion of degeneration {unknown}


   Skills:
 + Level 3.7 Fighting
 * Level 5.6 Ranged Weapons
 + Level 2.6 Armour
 + Level 3.0 Dodging
 - Level 1.3 Stealth


You had 5 spell levels left.
You didn't know any spells.
Your spell library contained the following spells:

 Spells                   Type           Power      Damage    Failure   Level
 Slow                     Hex            0%         N/A       45%         1
 Sting                    Tmut/Pois      0%         1d3       45%         1
 Poisonous Vapours        Pois/Air       0%         N/A       61%         2
 Sublimation of Blood     Necr           0%         N/A       61%         2
 Wereblood                Tmut           0%         N/A       61%         2
 Confusing Touch          Hex            0%         N/A       83%         3
 Gell's Gravitas          Tloc           0%         N/A       83%         3
 Lesser Beckoning         Tloc           0%         N/A       83%         3
 Teleport Other           Tloc           0%         N/A       83%         3
 Vampiric Draining        Necr           0%         2d6       83%         3
 Olgreb's Toxic Radiance  Pois           0%         N/A       99%         4
 Summon Hydra             Summ           0%         N/A       100%        7


Dungeon Overview and Level Annotations

Branches:
Dungeon (4/15)
 Temple: D:4-7

Altars:
Vehumet
Wu Jian


Innate Abilities, Weirdness & Mutations

You cannot be hasted, slowed, berserked, paralysed or teleported.
You can dig through walls and to a lower floor.
You have a pair of large antennae on your head. (SInv)
Your four strong arms can wield two-handed weapons with a shield.


Message History

You shoot an arrow. The arrow hits the black bear!
The black bear is almost dead.
The black bear goes berserk!
Fire: a) +0 shortbow
Press: ? - help, Shift-Dir - straight line, f/p - black bear
Aim: a black bear (almost dead, berserk, 71% to hit)
You shoot an arrow. The arrow barely misses the black bear.
The black bear barely misses you. The black bear claws you.
The black bear claws you but does no damage.
The black bear bites you!
* * * LOW HITPOINT WARNING * * *
The black bear claws you.
* * * LOW HITPOINT WARNING * * *
The black bear misses you.
Fire: a) +0 shortbow
Press: ? - help, Shift-Dir - straight line, f/p - black bear
Aim: a black bear (almost dead, berserk, 71% to hit)
You shoot an arrow.
The arrow closely misses the black bear.
The black bear bites you but does no damage.
The black bear barely misses you. The black bear claws you.
* * * LOW HITPOINT WARNING * * *
The black bear closely misses you.
The black bear claws you but does no damage.
The black bear closely misses you.
Fire: a) +0 shortbow
Press: ? - help, Shift-Dir - straight line, f/p - black bear
Aim: a black bear (almost dead, berserk, 71% to hit)
You shoot an arrow.
The arrow closely misses the black bear.
The black bear misses you. The black bear barely misses you. x3
The black bear closely misses you. The black bear misses you.
Fire: a) +0 shortbow
Press: ? - help, Shift-Dir - straight line, f/p - black bear
Aim: a black bear (almost dead, berserk, 71% to hit)
You shoot an arrow.
The arrow completely misses the black bear.
The black bear completely misses you. The black bear barely misses you. x2
The black bear bites you!
You die...

........## ##
......... .##
..<...... ..##
........# ...##
#......)# ....## #.##
.....## #..# ......##
##h# .......# #@##
.......### #..###
.........##### ##.#<#
.........)...####...#
#########)..)...#...#
###.......###
###......#
##....)...#
#..........#


You could see a black bear (berserk).

Vanquished Creatures
  An iguana (D:4)
  2 orc wizards
  Natasha (thrice) (D:2)
  Robin (D:2)
  4 adders
  A worm (D:4)
  A dart slug (D:2)
  10 orcs
  4 ball pythons
  7 bats
  4 endoplasms
  4 giant cockroaches
  17 goblins
  5 hobgoblins (D:2)
  2 kobolds
  2 quokkas
  5 frilled lizards
  7 rats
80 creatures vanquished.

Vanquished Creatures (others)
  A kraken (D:1)
  A draconian (D:1)
  An octopode (D:1)
  A gargoyle (D:1)
  A merfolk (D:1)
  A formicid (D:1)
  A vampire (D:1)
  2 nagas (D:1)
  A tengu (D:1)
  A mummy (D:1)
  A gnoll (D:1)
  An orc (D:3)
  A hobgoblin (D:3)
  8 tentacles (D:1)
22 creatures vanquished.

Grand Total: 102 creatures vanquished

Notes
Turn   | Place    | Note
-------+----------+-------------------------------------------
     0 | D:1      | purpskrrrp the Formicid Hunter began the quest for the Orb.
     0 | D:1      | Reached XP level 1. HP: 16/16 MP: 1/1
     2 | D:1      | Noticed a formicid
     2 | D:1      | Noticed a vampire
     2 | D:1      | Noticed a ghoul
     2 | D:1      | Noticed a ghoul
     2 | D:1      | Noticed a draconian
     2 | D:1      | Noticed a naga
     2 | D:1      | Noticed a merfolk
     2 | D:1      | Noticed an octopode
     2 | D:1      | Noticed a naga
     2 | D:1      | Noticed a kraken
     2 | D:1      | Noticed a human
     2 | D:1      | Noticed a gargoyle
     2 | D:1      | Noticed a tengu
     2 | D:1      | Noticed a demonspawn
     3 | D:1      | Killed a draconian
     6 | D:1      | Killed a formicid
     7 | D:1      | Killed an octopode
    10 | D:1      | Killed a vampire
    11 | D:1      | Killed a naga
    14 | D:1      | Killed a tengu
    17 | D:1      | Killed a merfolk
    18 | D:1      | Killed a gargoyle
    20 | D:1      | Killed a naga
    20 | D:1      | Killed a kraken
    80 | D:1      | Reached XP level 2. HP: 23/23 MP: 2/2
   631 | D:2      | Noticed Natasha
   640 | D:2      | Killed Natasha
   641 | D:2      | Reached skill level 1 in Armour
   641 | D:2      | Reached XP level 3. HP: 16/28 MP: 3/3
   652 | D:2      | Noticed Natasha
   660 | D:2      | Killed Natasha
   661 | D:2      | Reached XP level 4. HP: 24/34 MP: 4/4
   735 | D:2      | Noticed Robin
   760 | D:2      | Killed Robin
   761 | D:2      | Reached XP level 5. HP: 35/41 MP: 5/5
   914 | D:2      | Noticed Natasha
   929 | D:2      | Killed Natasha
   930 | D:2      | Reached skill level 5 in Ranged Weapons
  1783 | D:3      | Identified the +6 mace of Fekairr {elec, *Slow rN+ Int-2
                  | Dex+7}
  1871 | D:3      | Reached XP level 6. HP: 47/47 MP: 6/6
  1873 | D:3      | Found a radiant altar of Vehumet.
  2175 | D:3      | Found an ornate altar of the Wu Jian Council.
  2228 | D:3      | You fall into a shaft and drop 1 floor!
  2520 | D:4      | Noticed a black bear
  2539 | D:4      | Mangled by a black bear

Illustrated notes

Levels and vault maps discovered:
D:1:      nicolae_arrival_kraken_aquarium_b, layout_basic
D:2:      layout_basic, uniq_robin, uniq_natasha
D:3:      layout_rooms, nzn_wu_jian_council_hall, fiery_altar_vehumet
D:4:      layout_cave_pods

Skill      XL: |  1  2  3  4  5  6 |
---------------+-------------------+-----
Dodging        | 2 3 |  3.0
Armour         | 1 2 |  2.6
Fighting       | 3 |  3.7
Ranged Weapons | 5 |  5.6
Stealth        | |  1.3

Action                   |  1- 3 |  4- 6 || total
-------------------------+-------+-------++-------
 Fire: Shortbow          |    40 |   194 ||   234
Armor: Leather armour    |     1 |    32 ||    33
Dodge: Dodged            |     8 |    71 ||    79

Table legend: (Time is in decaauts)
 A = Elapsed time spent in this place.
 B = Non-inter-level travel time spent in this place.
 C = Inter-level travel time spent in this place.
 D = Time resting spent in this place.
 E = Time spent auto-exploring this place.
 F = Levels seen in this place.
 G = Mean time per level.
                   A        B        C        D        E       F      G
               +--------+--------+--------+--------+--------+-----+--------+
         Total |   2605 |   2576 |     29 |    170 |   1893 |   4 |  651.2 |
       Dungeon |   2605 |   2576 |     29 |    170 |   1893 |   4 |  651.2 |
               +--------+--------+--------+--------+--------+-----+--------+

Top non-repeatable levels by time:
     D:2: 1113 daAuts
     D:1: 610 daAuts
     D:3: 557 daAuts
     D:4: 324 daAuts
